 Dungeon Crawl Stone Soup version 0.29.1-15-g9cfb28693d (webtiles) character file.

Game seed: 17813958045963286011

269 BuddhaDhamma the Cleaver (level 6, -5/76 HPs)
             Began as a Minotaur Berserker on Feb 27, 2023.
             Was a Believer of Trog.
             Slain by Crazy Yiuf
             ... wielding a +3 quarterstaff of chaos
              (8 damage)
             ... on level 3 of the Dungeon.
             The game lasted 00:08:08 (3119 turns).

BuddhaDhamma the Cleaver (Minotaur Berserker)       Turns: 3119, Time: 00:08:08

Health: -5/76      AC:  7    Str: 24    XL:     6   Next: 1%
Magic:  5/5        EV:  8    Int:  4    God:    Trog [**....]
Gold:   126        SH:  0    Dex:  9    Spells: 5/5 levels left

rFire   + . .      SeeInvis +   a - +0 hand axe
rCold   + . .      Faith    +   (no shield)
rNeg    + . .      Spirit   .   j - +0 chain mail
rPois   +          Reflect  .   d - -2 hat of the Alchemist {rElec rPois rF+ rC+ rN+ Will+ rMut rCorr}
rElec   +          Harm     .   o - +0 cloak
rCorr   +          Rampage  .   (no gloves)
rMut    +                       (no boots)
Will    +....                   f - amulet of faith
Stlth   ..........              p - ring of see invisible
HPRegen 0.22/turn               (no ring)
MPRegen 0.09/turn

@: berserking, very quick
A: horns 2, retaliatory headbutt
a: Renounce Religion, Berserk, Trog's Hand


You were on level 3 of the Dungeon.
You worshipped Trog.
Trog was pleased with you.
You visited 1 branch of the dungeon, and saw 3 of its levels.

You collected 126 gold pieces.

Inventory:

Hand Weapons
 a - a +0 hand axe (weapon)
Missiles
 g - a throwing net (quivered)
Armour
 d - the -2 hat of the Alchemist (worn) {rElec rPois rF+ rC+ rN+ Will+ rMut rCorr}
   (You acquired it on level 2 of the Dungeon)

   rF:        It protects you from fire.
   rC:        It protects you from cold.
   rElec:     It insulates you from electricity.
   rPois:     It protects you from poison.
   rN:        It protects you from negative energy.
   rCorr:     It protects you from acid and corrosion.
   rMut:      It protects you from mutation.
   Will:      It increases your willpower.
 j - a +0 chain mail (worn)
 o - a +0 cloak (worn)
Jewellery
 f - an amulet of faith (around neck)
 p - a ring of see invisible (left hand)
Wands
 r - a wand of digging (2)
Scrolls
 c - a scroll of vulnerability
 h - 2 scrolls of enchant armour {unknown}
 m - a scroll of identify
 q - a scroll of blinking {unknown}
 s - a scroll of fog {unknown}
Potions
 b - a potion of mutation {unknown}
 e - a potion of lignification {unknown}
 i - 3 potions of curing
 k - a potion of heal wounds
 l - 2 potions of attraction {unknown}
 n - a potion of haste


   Skills:
 - Level 3.6 Fighting
 + Level 8.2 Axes
 - Level 2.4 Armour
 - Level 2.1 Dodging


You had 5 spell levels left.
You didn't know any spells.
Your spell library was empty.

Dungeon Overview and Level Annotations

Branches:
Dungeon (3/15)

Altars:
Qazlal

Annotations:
D:3 Crazy Yiuf


Innate Abilities, Weirdness & Mutations

You have a pair of horns on your head.
You reflexively headbutt those who attack you in melee.


Message History

You headbutt the fungus, but do no damage.
The fungus is moderately damaged.
You hit the fungus. You slash the fungus!
The fungus is moderately damaged.
You hit the fungus but do no damage.
A nearby fungus withers and dies. x2
Found a hammer.
Found a runed translucent door.
Crazy Yiuf shouts!
Press: ? - help, v - describe, . - travel The floor.
You open the door. You barely miss Crazy Yiuf. Crazy Yiuf barely misses you.
You furiously retaliate!
You headbutt Crazy Yiuf, but do no damage.
You barely miss Crazy Yiuf. You headbutt Crazy Yiuf!
Crazy Yiuf is moderately wounded.
You hit Crazy Yiuf but do no damage. Your headbutt misses Crazy Yiuf.
Crazy Yiuf is moderately wounded.
Crazy Yiuf hits you with a +3 quarterstaff of chaos!
Crazy Yiuf burns you.
You barely miss Crazy Yiuf.
Crazy Yiuf is moderately wounded.
Crazy Yiuf whimpers, "Adder!"
Crazy Yiuf hits you with a +3 quarterstaff of chaos!
Crazy Yiuf draws strength from your wounds!
You hit Crazy Yiuf.
Crazy Yiuf is heavily wounded.
Crazy Yiuf hits you with a +3 quarterstaff of chaos!
* * * LOW HITPOINT WARNING * * *
You barely miss Crazy Yiuf.
Crazy Yiuf is heavily wounded.
Crazy Yiuf hits you with a +3 quarterstaff of chaos!
* * * LOW HITPOINT WARNING * * *
You slash Crazy Yiuf! Your headbutt misses Crazy Yiuf.
Crazy Yiuf is almost dead.
Crazy Yiuf barely misses you.
A red film seems to cover your vision as you go berserk!
You feel yourself moving faster!
You feel mighty!
Crazy Yiuf hits you with a +3 quarterstaff of chaos!
You die...

...#####.##.# #...(..........# #
...........## #######........# #
...#####...# #..####..# #
...#####.### ##### #........###
.#.........# #)..# #...........
....####.### #...# #...###..###
...## #.# ... #...###..###
#'######.### #g# #...........
....#......# ♣@♣♣ #...........
....#.###### ♣♣.♣ #...........
#'##'.# ♣.♣♣ #..###...... .#..#.#
♣♣.♣ #..####..### +#..#.# ♣♣.♣♣
#........... .#..#.# ♣♣...♣
#........... .+..+.##### ♣...P♣
##.......... .#..#.....## #....#
########.#.#
'#..#......#####..####...........


You could see Crazy Yiuf.

Vanquished Creatures
  Sigmund (D:2)
  4 adders
  2 worms (D:3)
  4 dart slugs
  An orc (D:2)
  4 endoplasms
  2 giant cockroaches
  5 goblins
  6 hobgoblins
  5 jackals (D:1)
  4 kobolds
  3 quokkas
  5 ball pythons
  7 bats
  4 frilled lizards
  4 rats
61 creatures vanquished.

Vanquished Creatures (others)
  5 fungi (D:3)
  5 plants (D:2)
10 creatures vanquished.

Grand Total: 71 creatures vanquished

Notes
Turn   | Place    | Note
-------+----------+-------------------------------------------
     0 | D:1      | BuddhaDhamma the Minotaur Berserker began the quest for the
                  | Orb.
     0 | D:1      | Reached XP level 1. HP: 19/19 MP: 0/0
    51 | D:1      | Reached skill level 4 in Axes
   177 | D:1      | Reached XP level 2. HP: 26/26 MP: 1/1
   528 | D:1      | Reached skill level 5 in Axes
   539 | D:1      | Reached ** piety under Trog
   540 | D:1      | Reached XP level 3. HP: 17/31 MP: 2/2
   542 | D:1      | Found a faded altar of an unknown god.
  1427 | D:2      | Noticed Sigmund
  1436 | D:2      | Killed Sigmund
  1437 | D:2      | Reached skill level 7 in Axes
  1437 | D:2      | Reached XP level 4. HP: 39/39 MP: 3/3
  1437 | D:2      | Reached XP level 5. HP: 45/45 MP: 4/4
  1935 | D:2      | Identified a scroll of acquirement
  1935 | D:2      | Acquired the -2 hat of the Alchemist {rElec rPois rF+ rC+
                  | rN+ Will+ rMut rCorr}
  1935 | D:2      | Found the -2 hat of the Alchemist {rElec rPois rF+ rC+ rN+
                  | Will+ rMut rCorr}
  2163 | D:3      | Reached skill level 8 in Axes
  2346 | D:3      | Found a stormy altar of Qazlal.
  2755 | D:3      | Reached XP level 6. HP: 51/51 MP: 5/5
  3107 | D:3      | Found a runed translucent door.
  3108 | D:3      | Noticed Crazy Yiuf
  3117 | D:3      | HP: 1/51 [Crazy Yiuf/+3 quarterstaff of chaos (11)]
  3119 | D:3      | Slain by Crazy Yiuf

Illustrated notes

Levels and vault maps discovered:
D:1:      amcnicky_arrival_gap_in_the_tavern_cellar, layout_rooms,
          ebering_ecumenical_altar_sacrificial
D:2:      layout_basic, serial_bayou_ford_a, uniq_sigmund
D:3:      layout_basic, mainiacjoe_overflow_24_doors, nicolae_wormholes,
          uniq_crazy_yiuf_cottage

Skill      XL: |  1  2  3  4  5 |
---------------+----------------+-----
Axes           | 4 5 7 8 |  8.2
Fighting       | |  3.6
Armour         | |  2.4
Dodging        | |  2.1

Action                   |  1- 3 |  4- 6 || total
-------------------------+-------+-------++-------
Melee: Hand axe          |    80 |    74 ||   154
       Headbutt          |    13 |    12 ||    25
Throw: Throwing net      |     1 |       ||     1
Invok: Berserk           |     2 |     1 ||     3
  Use: Scroll            |       |     8 ||     8
Armor: Animal skin       |    17 |     4 ||    21
       Chain mail        |       |    16 ||    16
Dodge: Dodged            |    60 |    24 ||    84
